details: 'return2'

« prev index next »

General information

Mini Map

Players

team 1
HumanGayTiMe.WeRRa (purple | 124 APM | 1193 actions | 09:36)
Hero icon 3 Archmage
Ability icon 2 Summon Water Elemental
Ability icon 1 Brilliance Aura
Hero icon 2 Pandaren Brewmaster
Ability icon 1 Breath of Fire
Ability icon 1 Drunken Haze

» actions
Assign group hotkey22
Basic commands8
Build / train33
ESC pressed2
Enter build submenu16
Enter hero's abilities submenu5
Right click634
Select / deselect224
Select group hotkey213
Use ability36
1193 total
» units
Peasant10
Footman6
Spell Breaker2
Sorceress1
19 total
» upgrades
Priest Training1
Defend1
2 total
» buildings
Altar of Kings1
Farm8
Barracks1
Lumber Mill2
Keep1
Arcane Vault1
Arcane Sanctum2
Castle1
17 total
» build order
00:09 Altar of Kings
00:11 Farm
00:22 Barracks
00:36 Farm
01:02 Farm
01:58 Farm
02:35 Lumber Mill
02:46 Lumber Mill
03:32 Keep
04:16 Arcane Vault
05:15 Farm
05:16 Farm
05:29 Farm
06:12 Arcane Sanctum
06:14 Arcane Sanctum
06:22 Farm
08:07 Castle
» items
Scroll of Regeneration1
Lesser Clarity Potion1
2 total
team 2
Random» HumanBig_Dog-X (teal | 74 APM | 653 actions | 08:49)
Hero icon 2 Archmage
Ability icon 1 Summon Water Elemental
Ability icon 1 Blizzard

» actions
Assign group hotkey84
Build / train28
Enter build submenu15
Enter hero's abilities submenu2
Right click243
Select / deselect187
Select group hotkey68
Use ability26
653 total
» units
Peasant6
Footman13
Rifleman1
20 total
» buildings
Altar of Kings1
Farm8
Barracks2
Arcane Vault1
Blacksmith1
Keep1
14 total
» build order
00:06 Altar of Kings
00:15 Farm
00:34 Barracks
01:19 Farm
02:16 Farm
02:48 Arcane Vault
03:13 Farm
04:35 Barracks
04:37 Farm
05:22 Blacksmith
05:42 Farm
06:28 Farm
08:07 Keep
08:33 Farm
» items
Lesser Clarity Potion3
Scroll of Regeneration1
4 total